 Dungeon Crawl Stone Soup version 0.28.0-43-g3370ac3207 (webtiles) character file.

Game seed: 15630787430892704804

455418 raph the Acrobat (level 24, 0/280 HPs)
             Began as a Merfolk Berserker on Mar 7, 2022.
             Was a High Priest of Trog.
             Engulfed by a swamp dragon's poison gas (1 damage)
             ... on level 4 of the Depths on Mar 8, 2022.
             The game lasted 01:46:39 (68674 turns).

raph the Acrobat (Merfolk Berserker)               Turns: 68674, Time: 01:46:40

Health: 0/280      AC: 43    Str: 22    XL:     24   Next: 38%
Magic:  23/23      EV: 29    Int: 16    God:    Trog [*****.]
Gold:   2739       SH:  0    Dex: 21    Spells: 23/23 levels left

rFire   + . .      SeeInvis +   b - +5 bardiche (flame)
rCold   . . .      Faith    .   (shield currently unavailable)
rNeg    . . .      Spirit   .   s - +5 chain mail {rF+}
rPois   .          Reflect  .   G - +2 helmet {Int+3}
rElec   .          Harm     .   Q - +1 cloak of Starlight {*Dazzle EV+4 Stlth--}
rCorr   +          Rampage  ∞   P - +2 pair of gloves {hurl}
Will    +++..                   B - +3 pair of seven-league boots {Rampage+∞}
Stlth   ..........              r - amulet "Athue" {Acrobat Regen+ Str+2 Int+4}
HPRegen 2.36/turn               q - ring of Deckype {rCorr Int+2 Slay+3 SInv}
MPRegen 0.18/turn               g - ring of the Tortoise {AC+8}

@: berserking (expiring), lethally poisoned (0 -> -136), strong-willed
(expiring), regenerating (expiring), very quick
A: (nimble swimmer 2), mertail, iridescent scales 1, frail 1, screaming 1, wild
magic 1, sturdy frame 1
}: 2/15 runes: decaying, gossamer
a: Renounce Religion, Berserk, Trog's Hand, Brothers in Arms


You were on level 4 of the Depths.
You worshipped Trog.
Trog was extremely pleased with you.
You visited 8 branches of the dungeon, and saw 42 of its levels.
You visited the Abyss 3 times.

You collected 5812 gold pieces.
You spent 3073 gold pieces at shops.

Inventory:

Hand Weapons
 a - the +6 glaive of Myck {vorpal, *Corrode Str+6 Dex+9}
   (You acquired it on level 2 of the Dungeon)

   It inflicts extra damage upon your enemies.
   Str:       It affects your strength (+6).
   Dex:       It affects your dexterity (+9).
   *Corrode:  It may corrode you when you take damage.
 b - a +5 bardiche of flaming (weapon)
Missiles
 h - 10 boomerangs (quivered)
 j - 60 poisoned darts
 o - 7 throwing nets
 K - 2 silver javelins
Armour
 s - a +5 chain mail of fire resistance (worn)
 B - the +3 pair of seven-league boots (worn) {Rampage+∞}
   (You acquired it on level 11 of the Dungeon)

   Its wearer moves as far as possible in that direction when moving towards
   enemies.
 G - a +2 helmet of intelligence (worn)
 P - a +2 pair of gloves of hurling (worn)
 Q - the +1 cloak of Starlight (worn) {*Dazzle EV+4 Stlth--}
   (You bought it in a shop on level 2 of the Orcish Mines)

   It may blind those who miss an attack against the wearer in melee combat.
   EV:        It affects your evasion (+4).
   Stlth:     It makes you much less stealthy.
 T - a +2 cloak of poison resistance
Jewellery
 c - the ring of Evu Puta {rF+ Str+4}
   (You took it off a spriggan berserker on level 3 of the Depths)

   [ring of protection from fire]

   Str:       It affects your strength (+4).
   rF:        It protects you from fire.
 f - a +4 ring of evasion
 g - the ring of the Tortoise (right hand) {AC+8}
   (You found it on level 1 of the Depths)

   [ring of protection]

   AC:        It affects your AC (+8).
 q - the ring of Deckype (left hand) {rCorr Int+2 Slay+3 SInv}
   (You took it off a deep elf sorcerer on level 3 of the Elven Halls)

   [ring of see invisible]

   Int:       It affects your intelligence (+2).
   Slay:      It affects your accuracy & damage with ranged weapons and melee
   (+3).
   SInv:      It lets you see invisible.
   rCorr:     It protects you from acid and corrosion.
 r - the amulet "Athue" (around neck) {Acrobat Regen+ Str+2 Int+4}
   (You took it off a deep elf sorcerer on level 3 of the Elven Halls)

   [amulet of the acrobat]

   It increases your evasion while moving and waiting.
   Str:       It affects your strength (+2).
   Int:       It affects your intelligence (+4).
   Regen:     It increases your rate of health regeneration.
 C - an amulet of faith
Wands
 d - a wand of mindburst (21)
 e - a wand of flame (83)
 i - a wand of digging (17)
 w - a wand of iceblast (34)
 x - a wand of paralysis (36)
 y - a wand of polymorph (2)
 A - a wand of acid (19)
Scrolls
 l - 3 scrolls of silence
 E - 15 scrolls of teleportation
 H - 5 scrolls of fog
 M - a scroll of enchant armour
 O - 4 scrolls of magic mapping
 R - 24 scrolls of identify
 S - 3 scrolls of blinking
 V - 7 scrolls of vulnerability
 X - 7 scrolls of fear
 Y - 2 scrolls of brand weapon
 Z - 2 scrolls of enchant weapon
Potions
 k - 13 potions of curing
 m - 5 potions of mutation
 n - 9 potions of heal wounds
 p - 10 potions of ambrosia
 t - 7 potions of might
 u - 2 potions of resistance
 z - 5 potions of flight
 F - 3 potions of haste
 I - 6 potions of cancellation
 J - 5 potions of invisibility
 L - 2 potions of berserk rage
Miscellaneous
 v - a lightning rod (4/4)
 N - a condenser vane
 U - a phantom mirror


   Skills:
 + Level 21.5 Fighting
 - Level 24.0 Polearms
 + Level 18.3 Throwing
 + Level 15.6 Armour
 + Level 24.9 Dodging
 + Level 10.2 Stealth
 + Level 8.5 Evocations


You had 23 spell levels left.
You didn't know any spells.
Your spell library was empty.

Dungeon Overview and Level Annotations

Branches:
Dungeon (15/15)            Temple (0/1) D:7            Lair (6/6) D:10
  Swamp (4/4) Lair:4       Spider (4/4) Lair:3        Slime (0/5) Lair:5
    Orc (2/2) D:10            Elf (3/3) Orc:2        Vaults (4/5) D:14
  Crypt (0/3) Vaults:3     Depths (4/4) D:15
    Zot: Depths:4

Altars:
Hepliaklqana
Ru
Vehumet
Xom
Zin
Beogh
Jiyva

Shops:
D:2 [   D:11 **(**   Orc:2 [(*[(   Elf:1 ::=(   Vaults:2 (   Depths:2 *(((

Portals:
Hell: Depths:1 Depths:2 Depths:3 Depths:4
Abyss: Depths:1 Depths:3
Pandemonium: Depths:2 Depths:4
Ziggurat: Depths:1
Trove: Vaults:2 (give 6 scrolls of blinking)


Innate Abilities, Weirdness & Mutations

((You are very nimble when in or above water. (Stealth+, EV+, Speed+++)))
Your lower body shifts to a powerful aquatic tail in water.
You are partially covered in iridescent scales. (AC +2)
You are frail. (-10% HP)
You occasionally shout uncontrollably at your foes.
Your spells are a little harder to cast, but a little more powerful.
Your movements are slightly less encumbered by armour. (ER -2)


Message History

You are more poisoned.
* * * LOW HITPOINT WARNING * * *
You feel the effects of Trog's Hand fading.
* * * LOW HITPOINT WARNING * * *
You feel extremely sick.
You closely miss the green draconian.
The green draconian is heavily wounded.
* * * LOW HITPOINT WARNING * * *
You feel extremely sick. The green draconian closely misses you.
The green draconian tail-slaps you.
* * * LOW HITPOINT WARNING * * *
You are more poisoned.
The green draconian poisons you!
You slice the green draconian!! You burn the green draconian.
The green draconian is severely wounded.
* * * LOW HITPOINT WARNING * * *
You feel extremely sick.
The swamp dragon breathes poison at the green draconian.
The blast of poison engulfs the green draconian but does no damage.
You barely miss the green draconian.
The green draconian is severely wounded.
You are engulfed in poison gas.
You are more poisoned.
* * * LOW HITPOINT WARNING * * *
x2 You feel extremely sick.
You slice the green draconian!! You burn the green draconian!
The green draconian is almost dead.
You are engulfed in poison gas.
You are more poisoned.
* * * LOW HITPOINT WARNING * * *
x2 You feel extremely sick.
The green draconian closely misses you. The green draconian misses you.
You are too berserk!
You slice the green draconian like a ripe choko!!!
You burn the green draconian.
You kill the green draconian!
Trog accepts your kill.
You are engulfed in poison gas.
You are more poisoned.
You die...

################'###...........
#.....#...........
#.....#....########+
#.....#....#........
#§°..§#....#........
#§..○☼#....#<.......
###°###....#..†..... #.#
#....'........ #@#
#....#.?......
#○○D°°#....#........
#○°D..#....#...##.##
#.°○☼.#...##...##.##
#.....#...#.......#.
#.....#...#.......#.
###+###...#.......#. #.....####
#.....####


You could see 2 swamp dragons.

Vanquished Creatures
  Mara (Swamp:3)
  A juggernaut (Depths:3)
  Bai Suzhen (D:15)
  2 caustic shrikes
  Saint Roka (Vaults:3)
  Xtahua (Vaults:4)
  4 golden dragons
  A tentacled monstrosity (Swamp:1)
  A walking frostbound tome (Depths:4)
  4 liches
  A titan (Depths:2)
  2 deep elf master archers (Elf:3)
  3 deep elf blademasters
  3 tentacled starspawn (Abyss:3)
  9 sphinxes
  Agnes (Elf:3)
  The ghost of Timpihef the Spry, an adept OpAK of Lugonu (Elf:2)
  3 tengu reavers
  Kirke (D:13)
  Donald (Lair:4)
  7 fire giants
  2 shadow dragons
  Gastronok (D:8)
  5 deep elf sorcerers (Elf:3)
  6 emperor scorpions
  An iron dragon (Depths:1)
  An orc warlord (Vaults:4)
  11 vault wardens
  A balrug (Abyss:3)
  3 ghouls (Swamp:3)
  9 frost giants
  5 ghost moths
  4 deep elf elementalists
  4 broodmothers
  A spriggan defender (Elf:3)
  A war gargoyle (Vaults:4)
  17 ironbound preservers
  12 stone giants
  5 eleionomae
  16 very ugly things
  2 green draconians (Depths:4)
  8 ironbound thunderhulks
  11 deep elf demonologists
  A vampire knight (Depths:2)
  8 spark wasps
  2 bunyips
  A deep elf annihilator (Elf:3)
  2 blizzard demons (Depths:4)
  2 pale draconians (Depths:4)
  A lorocyproca (Abyss:3)
  The ghost of Athor the Slicer, a journeyman VSFi of Okawaru (Swamp:1)
  3 entropy weavers
  An eidolon (Vaults:3)
  6 ettins
  5 deep elf death magi (Elf:3)
  A crystal guardian (Vaults:4)
  Snorg (D:11)
  2 jiangshi (Abyss:3)
  9 yaktaur captains
  4 great orbs of eyes
  2 shambling mangroves (Swamp:4)
  Fannar (D:10)
  14 fire dragons
  Harold (D:6)
  2 deep elf high priests (Elf:3)
  8 ice dragons
  A peacekeeper (Vaults:4)
  16 boulder beetles
  31 hydras
  4 ghost crabs (Swamp:4)
  18 vault guards
  2 jorogumos
  An ogre mage (D:14)
  4 rakshasas
  Erica (D:8)
  6 centaur warriors
  4 radroaches
  5 deep troll shamans
  3 spriggan air magi
  5 ironbound frosthearts
  3 death knights
  10 death yaks
  12 two-headed ogres
  30 dancing weapons
  11 alligators
  9 tengu warriors
  A death scarab (Spider:1)
  7 deep troll earth magi
  A thrashing horror (Abyss:3)
  3 vampire magi
  9 hell knights
  A soul eater (Vaults:3)
  An orc high priest (Orc:1)
  3 spriggan berserkers
  2 wretched stars (Abyss:3)
  Nergalle (D:11)
  6 sun demons
  Sonja (D:12)
  23 deep elf knights
  13 iron trolls
  15 skeletal warriors
  3 sun moths
  5 pharaoh ants
  3 goliath frogs
  A shadow wraith (Abyss:3)
  5 spriggan druids
  54 deep trolls
  A sixfirhy (Depths:4)
  A spatial maelstrom (Abyss:3)
  14 swamp dragons
  5 bog bodies
  A quicksilver dragon simulacrum (Vaults:2)
  15 deep elf archers
  12 wizards
  11 orb spiders
  An orange crystal statue (Depths:3)
  6 steelbarb worms
  2 glowing orange brains
  6 necromancers
  15 lindwurms
  5 phantasmal warriors
  19 ironbound convokers
  Pikel (D:6)
  22 deep elf pyromancers
  15 wolf spiders
  3 orc sorcerers
  6 harpies
  12 orc knights
  3 will-o-the-wisps
  A shining eye (shapeshifter) (Depths:3)
  21 deep elf zephyrmancers
  A salamander (shapeshifter) (Depths:4)
  6 cyclopes
  48 ugly things
  8 manticores
  6 moths of wrath
  Maurice (D:10)
  7 black mambas
  8 elephants
  2 orange demons
  12 torpor snails
  A rust devil (Depths:4)
  3 smoke demons
  14 vault sentinels
  13 cane toads
  14 demonic crawlers
  Maggie (D:6)
  5 gargoyles
  A kobold demonologist (D:9)
  5 rime drakes
  19 yaktaurs
  2 unseen horrors
  A hellion (Abyss:3)
  6 freezing wraiths
  2 ancient zymes (Abyss:3)
  11 komodo dragons
  8 tengu conjurers
  2 silent spectres (Abyss:3)
  A yaktaur skeleton (Vaults:1)
  An efreet (D:15)
  9 meliai
  A red devil (Depths:4)
  A bloated husk (Swamp:2)
  A harpy zombie (Abyss:3)
  11 tyrant leeches
  21 hornets
  12 trolls
  A raiju (Abyss:3)
  A tarantella (shapeshifter) (D:14)
  A queen bee (Lair:1)
  A wolf spider simulacrum (Lair:3)
  A raiju (shapeshifter) (D:14)
  32 blink frogs
  Grinder (D:6)
  A polar bear (Lair:3)
  16 tarantellas
  28 slime creatures
  3 dream sheep (Lair:6)
  The ghost of TheBloodborn the Cudgeller, an amateur GrMo (D:4)
  An ettin zombie (Abyss:3)
  A meliai zombie (D:11)
  33 jumping spiders
  A jumping spider (shapeshifter) (Depths:2)
  8 starcursed masses
  15 spriggans
  2 shadows
  16 culicivoras
  3 vampires
  8 water elementals
  3 wyverns
  5 ynoxinuls
  2 fire elementals
  A fire bat (shapeshifter) (Elf:2)
  A yaktaur simulacrum (Vaults:2)
  5 chaos spawn
  44 yaks
  2 dire elephant simulacra (Lair:3)
  8 wraiths
  35 redbacks
  6 steam dragons
  Grum (D:9)
  5 large abominations (Abyss:3)
  9 vampire mosquitoes
  11 wargs
  A harpy simulacrum (Abyss:3)
  12 swamp worms
  Edmund (D:6)
  5 acid dragons
  Duvessa (D:7)
  2 floating eyes (Depths:2)
  3 hell hounds (Depths:3)
  2 human skeletons
  3 small abominations (Abyss:3)
  14 water moccasins
  2 human zombies (Vaults:1)
  6 swamp drakes
  2 ice beasts
  48 orc warriors
  2 sky beasts
  A necrophage (Swamp:3)
  A black bear (Lair:3)
  A hornet zombie (D:7)
  A black bear (shapeshifter) (D:14)
  A black mamba simulacrum (Lair:3)
  2 elf simulacra
  7 wolves
  10 ogres
  17 centaurs
  A lemure (D:6)
  A phantom (D:6)
  3 kobold brigands
  10 bullfrogs
  3 gnoll sergeants
  6 scorpions
  A wyvern zombie (D:9)
  Dowan (D:7)
  A water moccasin skeleton (D:4)
  25 killer bees
  7 howler monkeys
  6 wights
  3 electric eels (Lair:6)
  A crimson imp (Abyss:3)
  5 hounds
  4 lava snakes (Lair:1)
  A quasit (Abyss:3)
  6 centaur zombies
  A gnoll shaman (D:6)
  16 orc priests
  4 jellies
  A water moccasin simulacrum (Lair:3)
  2 centaur skeletons
  8 iguanas
  6 hell rats
  20 orc wizards
  A wolf simulacrum (Lair:3)
  A hound skeleton (D:2)
  6 adders
  16 gnolls
  A shadow imp (D:5)
  A white imp (Abyss:3)
  2 ufetubi
  An adder skeleton (D:4)
  3 worms
  3 dart slugs
  76 orcs
  11 ball pythons
  8 endoplasms
  A giant cockroach (D:1)
  4 goblins
  10 hobgoblins
  31 kobolds
  2 quokkas
  2 bats (D:2)
  3 frilled lizards
  12 rats
  2 starspawn tentacles (Abyss:3)
1848 creatures vanquished.

Vanquished Creatures (collateral kills)
  A vault warden (Vaults:2)
  A deep elf demonologist (Elf:3)
  A deep elf annihilator (Elf:3)
  A deep elf high priest (Elf:3)
  A dancing weapon (Elf:3)
  A vampire mage (Depths:2)
  A deep elf zephyrmancer (Elf:3)
  A yaktaur (Vaults:2)
  2 blink frogs (Lair:5)
  2 yaks (Lair:5)
12 creatures vanquished.

Vanquished Creatures (others)
  A deep elf knight (Elf:1)
  A spriggan druid (Swamp:1)
  A lindwurm (Swamp:4)
  A deep elf pyromancer (Elf:1)
  An ugly thing (Vaults:3)
  A bloated husk (Swamp:3)
  A human (D:13)
  A basilisk (Lair:6)
  A swamp drake (Swamp:4)
  12 foxfires
  53 fungi
  136 plants
  11 starspawn tentacles (Abyss:3)
221 creatures vanquished.

Grand Total: 2081 creatures vanquished

Notes
Turn   | Place    | Note
-------+----------+-------------------------------------------
     0 | D:1      | raph the Merfolk Berserker began the quest for the Orb.
     0 | D:1      | Reached XP level 1. HP: 18/18 MP: 1/1
   321 | D:1      | Reached skill level 5 in Polearms
   330 | D:1      | Reached XP level 2. HP: 22/24 MP: 2/2
   754 | D:1      | Found a faded altar of an unknown god.
  1293 | D:1      | Reached XP level 3. HP: 29/29 MP: 3/3
  2052 | D:2      | Found Qoshrim's Armour Shoppe.
  2086 | D:2      | Reached ** piety under Trog
  2204 | D:2      | Reached XP level 4. HP: 34/35 MP: 4/4
  2433 | D:2      | Reached XP level 5. HP: 26/41 MP: 5/5
  2533 | D:2      | Identified a scroll of acquirement
  2533 | D:2      | Acquired the +6 glaive of Myck {vorpal, *Corrode Str+6
                  | Dex+9}
  2763 | D:2      | Bought a +0 cloak for 49 gold pieces
  4001 | D:4      | Noticed TheBloodborn's ghost (amateur GrMo)
  4007 | D:4      | Found a transporter.
  4009 | D:4      | Found a transporter.
  4022 | D:4      | Reached XP level 6. HP: 47/47 MP: 6/6
  4311 | D:4      | Reached skill level 10 in Polearms
  4473 | D:4      | Noticed a sky beast
  4477 | D:4      | Killed a sky beast
  4478 | D:4      | Reached XP level 7. HP: 52/52 MP: 7/7
  5204 | D:5      | Entered Level 5 of the Dungeon
  5367 | D:5      | Reached *** piety under Trog
  5493 | D:5      | Reached XP level 8. HP: 60/60 MP: 8/8
  6302 | D:6      | Noticed a hornet
  6306 | D:6      | Killed a hornet
  6487 | D:6      | Noticed Grinder
  6498 | D:6      | Killed Grinder
  6499 | D:6      | Reached skill level 5 in Dodging
  6698 | D:6      | Noticed Edmund
  6706 | D:6      | Killed Edmund
  6707 | D:6      | Reached skill level 5 in Fighting
  6707 | D:6      | Reached XP level 9. HP: 68/68 MP: 9/9
  6877 | D:6      | Noticed Maggie
  6878 | D:6      | Noticed Pikel
  7331 | D:2      | Bought a +1 pair of boots of rampaging for 181 gold pieces
  7514 | D:6      | Killed Pikel
  7858 | D:6      | Paralysed by Maggie for 5 turns
  7865 | D:6      | Killed Maggie
  7866 | D:6      | Reached skill level 15 in Polearms
  8481 | D:7      | Noticed Harold
  8491 | D:6      | Reached XP level 10. HP: 60/77 MP: 10/10
  8681 | D:6      | Killed Harold
  9065 | D:7      | Found a staircase to the Ecumenical Temple.
  9069 | D:7      | Noticed Dowan
  9070 | D:7      | Noticed Duvessa
  9072 | D:7      | Killed Dowan
  9077 | D:7      | Killed Duvessa
  9508 | D:8      | Noticed Erica
  9514 | D:8      | Killed Erica
  9615 | D:8      | Noticed Gastronok
  9625 | D:8      | Killed Gastronok
  9628 | D:8      | Reached skill level 5 in Armour
  9998 | D:8      | Reached XP level 11. HP: 82/86 MP: 11/11
 11711 | D:9      | Found a radiant altar of Vehumet.
 11779 | D:9      | Noticed Grum
 11785 | D:9      | Killed Grum
 12771 | D:9      | Noticed a two-headed ogre
 12776 | D:9      | Killed a two-headed ogre
 13078 | D:10     | Entered Level 10 of the Dungeon
 13091 | D:10     | Noticed a two-headed ogre
 13105 | D:10     | Killed a two-headed ogre
 13377 | D:10     | Found a staircase to the Orcish Mines.
 13443 | D:10     | Reached skill level 10 in Dodging
 13668 | D:10     | Noticed a purple ugly thing
 13676 | D:10     | Killed a purple ugly thing
 13850 | D:10     | Identified the +2 robe of Dyspraxia {rN+}
 13854 | D:10     | Noticed a manticore
 13859 | D:10     | Noticed a brown ugly thing
 13863 | D:10     | Killed a manticore
 13868 | D:10     | Killed a brown ugly thing
 14285 | D:10     | Reached XP level 12. HP: 95/95 MP: 12/12
 14364 | D:10     | Found a staircase to the Lair.
 14689 | Lair:1   | Entered Level 1 of the Lair of Beasts
 14862 | Lair:1   | Reached **** piety under Trog
 15564 | Lair:1   | Found a runed translucent door.
 15740 | Lair:1   | Found a runed translucent gate.
 15740 | Lair:1   | Found a runed translucent gate.
 15740 | Lair:1   | Found a runed translucent gate.
 15740 | Lair:1   | Found a runed translucent gate.
 15740 | Lair:1   | Found a runed translucent gate.
 15740 | Lair:1   | Found a runed translucent gate.
 15740 | Lair:1   | Noticed a boulder beetle
 15745 | Lair:1   | Noticed a boulder beetle
 16015 | Lair:1   | Reached skill level 1 in Throwing
 16565 | Lair:2   | Noticed an eight-headed hydra
 16575 | Lair:2   | Killed a four-headed hydra
 16693 | Lair:2   | Noticed a four-headed hydra
 16709 | Lair:2   | Killed a one-headed hydra
 16859 | Lair:2   | Reached skill level 10 in Fighting
 17350 | Lair:3   | Noticed a six-headed hydra
 18081 | Lair:3   | Found a hole to the Spider Nest.
 18087 | Lair:3   | Reached XP level 13. HP: 104/104 MP: 13/13
 18385 | Lair:3   | Found a transporter.
 18960 | Lair:3   | Found a transporter.
 19777 | Lair:4   | Reached skill level 5 in Throwing
 19900 | Lair:4   | Found a staircase to the Swamp.
 21272 | Lair:5   | Reached XP level 14. HP: 114/114 MP: 14/14
 22110 | Lair:5   | Found a viscous altar of Jiyva.
 22110 | Lair:5   | Found a staircase to the Slime Pits.
 22169 | Lair:6   | Entered Level 6 of the Lair of Beasts
 23926 | Lair:6   | Reached ***** piety under Trog
 24131 | Lair:6   | Reached skill level 15 in Dodging
 24493 | Lair:6   | Found a runed translucent door.
 25633 | Lair:6   | Reached XP level 15. HP: 124/124 MP: 15/15
 25650 | Lair:6   | Received a gift from Trog
 26077 | Orc:1    | Entered Level 1 of the Orcish Mines
 26231 | Orc:1    | Noticed Fannar
 26456 | Orc:1    | Noticed Maurice
 26639 | D:10     | Killed Fannar
 26792 | D:10     | Killed Maurice
 27148 | Orc:2    | Entered Level 2 of the Orcish Mines
 27688 | Orc:2    | Found a staircase to the Elven Halls.
 29054 | Orc:2    | Found Miqy's Antique Armour Shoppe.
 29054 | Orc:2    | Found Jot Amyll's Antique Weapon Boutique.
 29170 | Orc:2    | Found Eriemean's Armour Boutique.
 29170 | Orc:2    | Found Qaimagoa's General Store.
 29184 | Orc:2    | Bought a scroll of magic mapping for 52 gold pieces
 29193 | Orc:2    | Bought a +1 pair of gloves of hurling for 280 gold pieces
 29234 | Orc:2    | Bought the +1 cloak of Starlight {*Dazzle EV+4 Stlth--} for
                  | 884 gold pieces
 29234 | Orc:2    | Found the +1 cloak of Starlight {*Dazzle EV+4 Stlth--}
 29454 | Orc:2    | Found Orioxade's Antique Weapon Boutique.
 29641 | D:11     | Found Cefugus's General Store.
 29785 | D:11     | Noticed Nergalle
 29797 | D:11     | Killed Nergalle
 29920 | D:11     | Noticed Snorg
 29931 | D:11     | Killed Snorg
 29932 | D:11     | Reached skill level 10 in Armour
 29932 | D:11     | Found Ebecitemn's General Store.
 29938 | D:11     | Acquired the +3 pair of seven-league boots {Rampage+∞}
 29938 | D:11     | Found the +3 pair of seven-league boots {Rampage+∞}
 29957 | D:11     | Bought a potion of heal wounds for 70 gold pieces
 29957 | D:11     | Bought a phantom mirror for 560 gold pieces
 29957 | D:11     | Bought a potion of invisibility for 112 gold pieces
 30006 | D:11     | Found Ryn Kisch's General Store.
 30063 | D:11     | Found Ythrex's Antique Weapon Shoppe.
 30101 | D:11     | Found Wofrimm's Assorted Antiques.
 30499 | D:12     | Reached skill level 10 in Throwing
 31099 | D:12     | Received a gift from Trog
 31169 | D:12     | Reached ****** piety under Trog
 31170 | D:12     | Reached XP level 16. HP: 118/134 MP: 14/16
 31380 | D:12     | Noticed Sonja
 31389 | D:12     | Killed Sonja
 32067 | D:13     | Noticed Kirke
 32085 | D:13     | Killed Kirke
 32264 | D:13     | Identified the +4 trident of Zukiadoa {vorpal, Fly}
 32756 | D:14     | Reached skill level 15 in Fighting
 33203 | D:14     | Found a gate to the Vaults.
 33940 | D:15     | Entered Level 15 of the Dungeon
 34443 | D:14     | Received a gift from Trog
 34955 | D:15     | Reached XP level 17. HP: 118/143 MP: 14/17
 35449 | D:15     | Found a staircase to the Depths.
 36696 | Lair:3   | Identified the +2 helmet of Saucag {*Slow rElec rPois SInv}
 36698 | Lair:3   | Identified the ring "Tamyahez" {Fire +Blink rCorr Str+3}
 36895 | Swamp:1  | Entered Level 1 of the Swamp
 36908 | Swamp:1  | Noticed Donald
 37025 | Lair:4   | Killed Donald
 37154 | Swamp:1  | Found a runed translucent door.
 37163 | Swamp:1  | Found a shimmering altar of Xom.
 37163 | Swamp:1  | Noticed Athor's ghost (journeyman VSFi)
 37587 | Swamp:1  | Received a gift from Trog
 37692 | Swamp:1  | Noticed a tentacled monstrosity
 37719 | Swamp:1  | Killed a tentacled monstrosity
 38410 | Swamp:2  | You fall into a shaft and drop 1 floor!
 38410 | Swamp:3  | Found a hazy altar of Hepliaklqana.
 38677 | Swamp:3  | Noticed Mara
 38688 | Swamp:3  | Noticed raph's illusion
 38692 | Swamp:3  | Killed Mara
 39240 | Swamp:4  | Entered Level 4 of the Swamp
 39916 | Swamp:3  | Reached XP level 18. HP: 111/153 MP: 18/18
 40121 | Swamp:4  | Received a gift from Trog
 41539 | Swamp:4  | Got a decaying rune of Zot
 41868 | Spider:1 | Entered Level 1 of the Spider Nest
 42595 | Spider:1 | You fall into a shaft and drop 1 floor!
 42611 | Spider:2 | Gained mutation: You are clumsy. (Dex -2) [mutagenic glow]
 43917 | Spider:3 | Reached XP level 19. HP: 90/163 MP: 19/19
 44954 | Spider:4 | Entered Level 4 of the Spider Nest
 45593 | Spider:4 | Received a gift from Trog
 46479 | Spider:4 | Got a gossamer rune of Zot
 47051 | Swamp:1  | Killed Athor's ghost
 47366 | D:4      | Killed TheBloodborn's ghost
 47366 | D:4      | Received a gift from Trog
 47678 | Vaults:1 | Entered Level 1 of the Vaults
 47717 | Vaults:1 | Reached skill level 15 in Throwing
 48665 | Vaults:1 | Reached XP level 20. HP: 172/172 MP: 20/20
 49299 | Vaults:1 | Received a gift from Trog
 49394 | Vaults:2 | Found a portal to a secret trove of treasure.
 49519 | Vaults:2 | Found Avuubaap's Weapon Emporium.
 50462 | Vaults:2 | Identified the +1 plate armour of the Wild Haggis {Drain
                  | rElec rN++ Str+2}
 50638 | Vaults:2 | Identified the +8 halberd "Goat" {vorpal, Drain rPois rC+
                  | Will++} (Trog gifted it to you on level 2 of the Vaults)
 50638 | Vaults:2 | Received a gift from Trog
 51578 | Vaults:3 | Noticed a Brimstone Fiend
 51691 | Vaults:3 | Gained mutation: Your body sometimes deteriorates upon
                  | taking damage. [a neqoxec]
 52855 | Vaults:3 | You fall into a shaft and drop 1 floor!
 52946 | Vaults:3 | Received a gift from Trog
 53040 | Vaults:3 | Identified the +4 morningstar "Ritwahoh" {vorpal, Str+4
                  | Dex+4}
 53070 | Vaults:3 | Reached XP level 21. HP: 146/182 MP: 21/21
 53397 | Vaults:3 | Found a staircase to the Crypt.
 53875 | Vaults:4 | Noticed Saint Roka
 53892 | Vaults:4 | Cast into level 2 of the Abyss (a wizard)
 53968 | Abyss:3  | Found a bloodstained altar of Trog.
 54321 | Vaults:4 | Escaped the Abyss
 54477 | Vaults:3 | Killed Saint Roka
 54610 | Vaults:4 | Reached skill level 1 in Stealth
 54621 | Vaults:4 | Reached skill level 1 in Evocations
 54656 | Vaults:4 | Received a gift from Trog
 54955 | Vaults:4 | Noticed Xtahua
 54962 | Vaults:4 | Killed Xtahua
 56118 | Elf:1    | Entered Level 1 of the Elven Halls
 56130 | Elf:1    | Cast into level 2 of the Abyss (a deep elf demonologist)
 56318 | Abyss:3  | Paralysed by accursed screaming for 1 turns
 56390 | Elf:1    | Escaped the Abyss
 56602 | Elf:1    | Found Faniaj's Antique Weapon Emporium.
 56602 | Elf:1    | Found Cykagaq's Book Shoppe.
 56607 | Elf:1    | Found Ritiuw's Book Shoppe.
 56609 | Elf:1    | Found Pataequj's Jewellery Emporium.
 56620 | Elf:1    | Bought a dazzling glaive for 345 gold pieces
 56620 | Elf:1    | Identified the +5 glaive of Ryiffoug {freeze, Dex+3} (You
                  | bought it in a shop on level 1 of the Elven Halls)
 56620 | Elf:1    | Bought a runed demon trident for 540 gold pieces
 56792 | Elf:1    | Lost mutation: Your body sometimes deteriorates upon taking
                  | damage. [potion of mutation]
 56792 | Elf:1    | Lost mutation: You are clumsy. (Dex -2) [potion of
                  | mutation]
 56792 | Elf:1    | Gained mutation: Your spells are a little harder to cast,
                  | but a little more powerful. [potion of mutation]
 56792 | Elf:1    | Gained mutation: Your movements are slightly less
                  | encumbered by armour. (ER -2) [potion of mutation]
 56792 | Elf:1    | Gained mutation: You are partially covered in iridescent
                  | scales. (AC +2) [potion of mutation]
 57208 | Elf:1    | Received a gift from Trog
 57853 | Elf:2    | Reached XP level 22. HP: 187/191 MP: 22/22
 57869 | Elf:2    | Found a runed translucent gate.
 57870 | Elf:2    | Found a runed translucent gate.
 57870 | Elf:2    | Found a runed translucent gate.
 58073 | Elf:2    | Found a runed translucent gate.
 58073 | Elf:2    | Noticed Timpihef's ghost (adept OpAK)
 58074 | Elf:2    | Found a runed translucent gate.
 58093 | Elf:2    | Found a runed translucent gate.
 58461 | Elf:2    | Killed Timpihef's ghost
 58468 | Elf:2    | Reached skill level 5 in Stealth
 58526 | Elf:2    | Identified the +1 scale mail "Qehyely" {rF+++ Regen+ Int-2
                  | SInv}
 58641 | Elf:2    | Found a runed translucent door.
 59525 | Elf:2    | Received a gift from Trog
 60095 | Elf:3    | Entered Level 3 of the Elven Halls
 60500 | Elf:3    | Reached skill level 5 in Evocations
 60643 | Elf:3    | Noticed Agnes
 60658 | Elf:3    | Killed Agnes
 60848 | Elf:3    | Cast into level 2 of the Abyss (a deep elf demonologist)
 60859 | Abyss:3  | Found a corrupted altar of Lugonu.
 60881 | Abyss:3  | Found a corrupted altar of Lugonu.
 61033 | Elf:3    | Escaped the Abyss
 61411 | Elf:3    | Received a gift from Trog
 61460 | Elf:3    | Identified the ring of Deckype {rCorr Int+2 Slay+3 SInv}
 61554 | Elf:3    | Identified the amulet "Athue" {Acrobat Regen+ Str+2 Int+4}
 61559 | Elf:3    | Identified the +3 robe of Cowardice {rF+}
 61654 | Elf:3    | Identified the +1 long sword of Abuse {vorpal, rElec rF-
                  | Dex+5}
 61658 | Elf:3    | Gained mutation: You occasionally shout uncontrollably at
                  | your foes. [a neqoxec]
 62103 | Elf:3    | Found the +0 staff of Battle
 62123 | Elf:3    | Identified the +0 plate armour of Rugius {Harm Str-2 Int+3
                  | SInv}
 62126 | Elf:3    | Identified the +3 scale mail of Baldness {rElec rC- Int+2
                  | Dex+2}
 62520 | Depths:1 | Entered Level 1 of the Depths
 62815 | Depths:1 | Received a gift from Trog
 62861 | Depths:1 | Noticed Bai Suzhen
 63151 | D:15     | Killed Bai Suzhen
 63200 | Depths:1 | Reached skill level 15 in Armour
 63321 | Depths:1 | Paralysed by a sphinx for 7 turns
 63423 | Depths:1 | Found a one-way gate to the infinite horrors of the Abyss.
 63436 | Depths:1 | Reached XP level 23. HP: 198/198 MP: 23/23
 63441 | Depths:1 | Found a one-way gateway to a ziggurat.
 63498 | Depths:1 | Found a gateway to Hell.
 63584 | Depths:1 | Found a sacrificial altar of Ru.
 63778 | Depths:1 | Found the ring of the Tortoise {AC+8}
 63854 | Depths:2 | Found Qiups's Assorted Antiques.
 63872 | Depths:2 | Found a one-way gate leading to the halls of Pandemonium.
 63909 | Depths:2 | Paralysed by a floating eye for 4 turns
 63946 | Depths:2 | Noticed a golden dragon
 64006 | Depths:2 | Killed a golden dragon
 64165 | Depths:2 | Found Wenaomir's Weapon Shoppe.
 64168 | Depths:2 | Found Fueskas's Weapon Emporium.
 64171 | Depths:2 | Found Jatiab's Weapon Shoppe.
 64196 | Depths:2 | Received a gift from Trog
 64603 | Depths:2 | Noticed a caustic shrike
 64606 | Depths:2 | Killed a caustic shrike
 64610 | Depths:2 | Noticed a golden dragon
 64623 | Depths:2 | Killed a golden dragon
 65202 | Depths:3 | Identified the +7 hand axe of the Witching Gnat {vorpal,
                  | +Blink Will+ Stlth+}
 65235 | Depths:3 | Noticed a golden dragon
 65244 | Depths:3 | Killed a golden dragon
 65244 | Depths:3 | Gained mutation: You are frail. (-10% HP) [a shining eye]
 65465 | Depths:3 | Received a gift from Trog
 66501 | Depths:3 | Found a glowing silver altar of Zin.
 66817 | Depths:3 | Found a runed translucent door.
 66823 | Depths:3 | Found a runed translucent door.
 66823 | Depths:3 | Noticed a caustic shrike
 67094 | Depths:3 | Noticed a golden dragon
 67095 | Depths:3 | Noticed a juggernaut
 67095 | Depths:3 | Identified the ring of Evu Puta {rF+ Str+4}
 67118 | Depths:3 | Killed a juggernaut
 67123 | Depths:3 | Reached XP level 24. HP: 92/187 MP: 23/23
 67143 | Depths:3 | HP: 3/187 [ice dragon/blast of cold (35)]
 67422 | Depths:3 | Killed a caustic shrike
 67807 | Depths:4 | Entered Level 4 of the Depths
 68272 | Depths:4 | Reached skill level 10 in Stealth
 68305 | Depths:4 | Received a gift from Trog
 68673 | Depths:4 | HP: 1/280 [poisoned by a swamp dragon (poison gas)]
 68674 | Depths:4 | Engulfed by a swamp dragon's poison gas

Illustrated notes

Levels and vault maps discovered:
D:1:      lightli_molten_gateway, layout_basic,
          shapermc_ecumenical_altar_hornbeckon, patterned_corridor
D:2:      layout_loops_ring, serial_shops, shop,
          nicolae_concentric_dashed_squares_wild, lexackson_kobold_supper
D:3:      layout_basic, minmay_bisected
D:4:      layout_basic, gammafunk_ghost_arena,
          minmay_a_box_with_orc_wizards_in_it
D:5:      minmay_evil_eye, layout_basic, portal_sewer_entry_e,
          kennysheep_generic_room_5
D:6:      layout_loops_cross, uniq_grinder, uniq_edmund, uniq_maggie, uniq_pikel
D:7:      layout_cave_pools, minmay_temple_entry_junction_2,
          minmay_misc_feat_tower, grunt_ogre_cave, uniq_harold, uniq_duvessa
D:8:      layout_loops_ring, uniq_erica, uniq_gastronok
D:9:      layout_basic, nicolae_vehumet_radiance, uniq_grum
D:10:     layout_stronghold, david_lair_shrubbed, minmay_diamond_spiral
D:11:     layout_roguey, serial_shops, nicolae_stop_n_shop_2,
          nicolae_shop_hallway_stairs, shop_fountains, shop, kennysheep_mini,
          minmay_circle_x, uniq_snorg, uniq_nergalle
D:12:     minmay_imperfect_grid, layout_gridville, hangedman_decor_lopped,
          uniq_sonja
D:13:     layout_roguey, uniq_kirke
D:14:     layout_loops_ring, erik_vaults_2, serial_park_square3
          [serial_park_minivault_5x5_8], chequers_jeans
D:15:     hangedman_depths_entry_civil_slaughter, layout_cross, serial_bayou,
          serial_bayou_shore_b, serial_bayou_pond_e, serial_bayou_pond_b,
          serial_bayou_pond_d, roderic_lattice_a
Lair:1:   gammafunk_indiana_jones, layout_regular_city, grunt_megastairs_5,
          serial_bayou_shore_a, infiniplex_staircase_pool
Lair:2:   layout_hall_layers, special_room [special_room_bee]
Lair:3:   gammafunk_cloud_chamber, layout_loops_ring, spider_nest_entry_a,
          forest_entry_grove
Lair:4:   layout_cave_pods, swamp_mist, serial_bayou_shore_b,
          grunt_megastairs_4, lemuel_fruit_tree
Lair:5:   layout_concentric_octagons, dpeg_slime_entry_enclosed_altar
Lair:6:   guppyfry_lair_end_dragon, layout_regular_city, wormcave, serial_bayou,
          serial_bayou_ford_a, serial_bayou_pond_c, serial_bayou_pond_e,
          serial_bayou_lagoon_b, chequers_serial_rivers_large_b,
          nicolae_lair_lil_pond
Swamp:1:  cheibrodos_swamp_monstrosity, layout_basic_swamp, ebering_ghost_xom,
          evilmike_swamp_ruin_house_3, swamp_pool3, uniq_donald
Swamp:2:  layout_basic_swamp, serial_swamp_ruin, evilmike_swamp_ruin_rubble_2,
          evilmike_swamp_ruin_house_2, swamp_pool1, lightli_tree_ring
Swamp:3:  layout_basic_swamp, nicolae_swamp_godswood,
          infiniplex_staircase_pool_2, uniq_mara
Swamp:4:  swamp_alternative, layout_basic_swamp
Spider:1: layout_spider_delve, nicolae_spider_bug_shape
Spider:2: layout_spider_delve
Spider:3: layout_chambers
Spider:4: guppyfry_spider_rune, hangedman_spider_tarantella_strand
Orc:1:    layout_caves, uniq_maurice, uniq_fannar
Orc:2:    st_orc_town, layout_caves, serial_shops, shop, basic_altar
Elf:1:    cheibrodos_elf_bladeworks, layout_onion_city, minmay_elf_demonology,
          minmay_shoptagon
Elf:2:    nicolae_elf_blades_crystal_corner, layout_loops_corners,
          gammafunk_ghost_split, nicolae_danse_macabre
Elf:3:    elf_hall, layout_onion_city, minivault_25, sword_in_stone
Vaults:1: nicolae_vaults_specimen_jars, nicolae_vaults_stairing_the_circle,
          v_misc_29, nicolae_vaults_twisting_passages,
          nicolae_vaults_ring_of_whatevers, vaults_room_boxed,
          vaults_room_door_ring, nicolae_vaults_diagonal_hallway_7,
          vaults_room_door_ring, v_misc_3, vaults_dpeg_ring,
          dpeg_vaults_monster_box, layout_vaults_ring
Vaults:2: v_rooms_5, v_misc_16, ontoclasm_vaults_claustrophobia,
          st_smaller_cells, vaults_mumra_hex, ontoclasm_vaults_gateway,
          v_misc_15, nicolae_vaults_ring_of_whatevers,
          nicolae_vaults_what_the_h, layout_vaults_quadrants, enter_trove_1,
          serial_shops, shop_statue
Vaults:3: hangedman_vaults_nodes, nicolae_vaults_inception_statues,
          minmay_crypt_entry_simple_walls, vaults_room_fours,
          hangedman_vaults_unwind, ontoclasm_vaults_decontamination, v_misc_5,
          nicolae_vaults_alarming, nicolae_vaults_network_quinsquares
          [nicolae_vaults_network_quincunx_subvault,
          nicolae_vaults_network_quincunx_subvault,
          nicolae_vaults_network_quincunx_subvault,
          nicolae_vaults_network_quincunx_subvault], v_misc_25,
          vaults_dpeg_cross, layout_vaults_omnibox
Vaults:4: infiniplex_enter_wizlab_glasses, grunt_vaults_diagonal,
          vaults_room_pool, nicolae_vaults_back_hallway, vaults_room_semicircle,
          nicolae_vaults_meeting, vaults_room_pool, vaults_dpeg_spiral,
          vaults_room_corners, grunt_vaults_funnel, ontoclasm_vaults_hangar,
          layout_vaults_maze, uniq_saint_roka, uniq_xtahua
Depths:1: layout_cave_pools, enter_ziggurat_e, pf_hell_entry_great_geh,
          nicolae_ru_the_path_less_chosen, abyss_entry,
          minmay_guarded_unrand_tortoise, uniq_bai_suzhen
Depths:2: minmay_the_grid_plus_closed [minmay_the_grid_pillar_ring,
          minmay_the_grid_diamond_grid, minmay_the_grid_outer_circle,
          minmay_the_grid_stretched_grid,
          minmay_the_grid_prize_shrinking_boxes], layout_gridlike, hell_entry,
          rand_demon_pan_entry_1, serial_shops, nicolae_stop_n_shop_2,
          infiniplex_staircase_zigzag_2, minmay_shop_star
Depths:3: thingy_vault_2, layout_basic, abyss_entry, special_room
          [special_room_mythical_zoo], serial_bayou_pond_a, hell_entry,
          zin_angel, kennysheep_random_hallway
Depths:4: evilmike_zot_entry_gauntlet, layout_gridville, grunt_decor_arrowhead,
          hangedman_coc_ice_floe, grunt_pan_entry_zigzag,
          minmay_variable_closet, minmay_hollow_rounded_squares

Skill      XL: |  1  2  3  4  5  6  7  8  9 10 11 12 13 14 15 16 17 18 19 20 21 22 23 24 |
---------------+-------------------------------------------------------------------------+-----
Polearms       | 5 6 7 8 9 11 12 13 15 17 18 20 21 23 24 | 24.0
Dodging        | 3 5 7 8 10 12 13 15 16 18 19 20 21 22 23 24 | 24.9
Armour         | 3 4 5 6 7 8 9 10 11 12 13 14 15 | 15.6
Fighting       | 5 6 7 9 10 11 13 14 15 16 17 18 19 20 21 | 21.5
Throwing       | 3 6 8 10 11 13 14 15 16 17 18 | 18.3
Stealth        | 4 7 9 10 | 10.2
Evocations     | 3 6 7 8 |  8.5

Action                   |  1- 3 |  4- 6 |  7- 9 | 10-12 | 13-15 | 16-18 | 19-21 | 22-24 || total
-------------------------+-------+-------+-------+-------+-------+-------+-------+-------++-------
Melee: Spear             |   139 |    19 |       |       |       |       |       |       ||   158
       Punch             |     2 |       |       |       |       |       |       |       ||     2
       Halberd           |       |     9 |       |    20 |    22 |   129 |       |       ||   180
       Glaive            |       |    50 |   168 |   395 |  1070 |  1314 |  1854 |   142 ||  4993
       Tailslap          |       |       |       |       |    12 |    33 |     9 |     1 ||    55
       Bardiche          |       |       |       |       |       |       |    26 |  1334 ||  1360
Throw: Dart              |       |       |       |    24 |    27 |       |       |       ||    51
       Boomerang         |       |       |       |       |    49 |    60 |    73 |    54 ||   236
Invok: Berserk           |     3 |     2 |    11 |    25 |    24 |    12 |    28 |    10 ||   115
       Trog's Hand       |       |       |     1 |     5 |     4 |     3 |     7 |    10 ||    30
       Brothers in Arms  |       |       |       |       |     1 |     2 |     4 |     5 ||    12
Evoke: Wand              |       |       |       |     2 |       |       |     1 |       ||     3
       Condenser vane    |       |       |       |       |       |       |       |     1 ||     1
  Use: Scroll            |       |    10 |     3 |    12 |     9 |     3 |     9 |     5 ||    51
       Potion            |       |       |     1 |     3 |       |       |     5 |     5 ||    14
 Stab: Invisible         |       |       |       |       |     5 |    18 |    72 |    58 ||   153
       Distracted        |       |       |       |       |     1 |     1 |     2 |       ||     4
Armor: Plate armour      |    48 |    35 |    32 |       |       |       |       |       ||   115
       Chain mail        |       |       |    50 |   187 |   239 |   484 |   326 |   385 ||  1671
Dodge: Dodged            |    17 |    19 |    94 |   343 |   750 |  1446 |  1899 |  1429 ||  5997
